Map: Abyssal Reef LE

Players

Anthony

  • Race: Protoss Protoss
  • Spawn Location: 11:00

eXile - Winner!

  • Race: Zerg Zerg
  • League: Platinum
  • Spawn Location: 5:00

VOD

Have the link to the VOD?

Description

Time

  • Played on: June 8, 2017, 7:35 p.m.
  • Length: 12:19
Show
View Real Time Build Order
Export as new Build Order

Anthony Protoss 

Build Orders: Oracle Opening 

Get SALT Encoding   

  12  0:01  Probe (Chrono Boost)  
  13  0:12  Probe (Chrono Boost)  
  14  0:18  Pylon  
  14  0:22  Probe (Chrono Boost)  
  15  0:36  Probe (Chrono Boost)  
  16  0:43  Gateway  
  16  0:47  Assimilator, Probe (Chrono Boost)  
  17  0:58  Probe (Chrono Boost)  
  17  1:00  Assimilator  
  18  1:08  Probe (Chrono Boost)  
  18  1:10  Pylon  
  19  1:19  Probe (Chrono Boost)  
  20  1:29  Probe (Chrono Boost)  
  21  1:35  Cybernetics Core  
  22  1:40  Probe (Chrono Boost)  
  22  1:53  Probe (Chrono Boost)  
  22  1:54  Gateway  
  23  2:04  Probe (Chrono Boost)  
  24  2:14  Stargate  
  24  2:16  Adept  
  24  2:18  Warp Gate  
  26  2:24  Mothership Core (Chrono Boost)  
  28  2:49  Nexus  
  28  2:59  Pylon  
  28  3:05  Oracle  
  31  3:14  Pylon  
  31  3:19  Probe (Chrono Boost)  
  32  3:27  Pylon  
  32  3:31  Probe (Chrono Boost)  
  33  3:39  Robotics Facility  
  34  3:43  Probe (Chrono Boost)  
  34  3:55  Probe (Chrono Boost)  
  35  4:02  Stargate  
  36  4:03  Probe (Chrono Boost)  
  36  4:07  Probe (Chrono Boost)  
  36  4:08  Assimilator  
  37  4:21  Probe (Chrono Boost)  
  37  4:22  Probe (Chrono Boost)  
  37  4:33  Probe (Chrono Boost)  
  37  4:34  Probe (Chrono Boost)  
  35  4:43  Probe (Chrono Boost)  
  35  4:45  Probe (Chrono Boost)  
  37  4:49  Observer  
  32  5:09  Mothership Core (Chrono Boost)  
  32  5:13  Immortal  
  34  5:15  Stalker  
  34  5:16  Stalker  
  34  5:18  Probe (Chrono Boost)  
  33  5:31  Probe x2 (Chrono Boost)  
  34  5:42  Probe x2 (Chrono Boost)  
  36  5:53  Probe x2 (Chrono Boost), Void Ray  
  42  6:03  Probe x2 (Chrono Boost)  
  44  6:11  Pylon  
  44  6:14  Probe x2 (Chrono Boost)  
  46  6:24  Probe x2 (Chrono Boost)  
  48  6:28  Pylon  
  48  6:29  Adept x2  
  52  6:35  Probe x2 (Chrono Boost), Pylon  
  54  6:45  Probe x2 (Chrono Boost)  
  56  6:51  Void Ray  
  56  6:56  Probe x2 (Chrono Boost)  
  56  6:58  Void Ray  
  68  7:10  Probe x2 (Chrono Boost)  
  68  7:11  Assimilator  
  68  7:17  Pylon  
  68  7:22  Probe x2 (Chrono Boost)  
  70  7:30  Void Ray  
  74  7:42  Void Ray  
  74  7:43  Immortal  
  78  7:50  Probe (Chrono Boost)  
  83  7:54  Probe (Chrono Boost)  
  84  7:59  Adept  
  86  8:07  Pylon  
  86  8:09  Pylon  
  86  8:10  Pylon  
  85  8:33  Void Ray x2  
  85  8:37  Adept x2  
  81  8:53  Probe x2 (Chrono Boost)  
  83  9:04  Nexus  
  83  9:11  Pylon  
  83  9:14  Pylon  
  83  9:16  Void Ray x2  
  92  9:24  Observer  
  94  9:40  Probe x2 (Chrono Boost)  
  94  9:42  Pylon  
  94  9:52  Probe x2 (Chrono Boost)  
  96  9:53  Adept  
  96  9:54  Adept  
  100  10:00  Fleet Beacon  
  100  10:03  Forge  
  100  10:04  Probe x2 (Chrono Boost)  
  102  10:30  Probe (Chrono Boost)  
  102  10:31  Probe x2 (Chrono Boost)  
  102  10:34  Assimilator  
  105  10:35  Assimilator  
  105  10:39  Photon Cannon  
  105  10:41  Photon Cannon x2  
  107  10:43  Probe x2 (Chrono Boost)  
  107  10:44  Photon Cannon  
  107  10:47  Probe (Chrono Boost)  
  108  10:52  Phoenix x2  
  108  10:55  Probe x2 (Chrono Boost)  
  114  10:58  Probe (Chrono Boost)  
  114  11:04  Graviton Catapult  
  115  11:13  Photon Cannon  
  115  11:17  Nexus  
  115  11:18  Photon Cannon  
  115  11:25  Photon Cannon  
  115  11:28  Photon Cannon  
  116  11:37  Pylon  
  106  11:47  Zealot, Adept  
  68  12:09  Adept x2  
Show
View Real Time Build Order
Export as new Build Order

eXile Zerg - Winner!

Build Orders: Hatch First 

Get SALT Encoding   

  12  0:02  Drone  
  13  0:12  Drone  
  14  0:17  Overlord  
  14  0:36  Drone x3  
  17  0:58  Hatchery  
  17  1:00  Drone  
  17  1:02  Extractor  
  17  1:03  Drone  
  17  1:22  Spawning Pool  
  17  1:24  Drone  
  17  1:25  Drone  
  18  1:31  Drone  
  19  1:44  Overlord  
  19  1:54  Drone  
  20  2:06  Drone  
  21  2:11  Queen  
  21  2:13  Queen  
  25  2:17  Zergling x4  
  27  2:27  Drone x2  
  29  2:34  Roach Warren  
  28  2:39  Extractor  
  27  2:46  Drone x3  
  27  2:47  Drone  
  31  2:57  Evolution Chamber  
  30  3:02  Drone x2  
  32  3:19  Roach x2  
  36  3:20  Overlord  
  36  3:25  Extractor  
  35  3:33  Extractor  
  36  3:34  Roach  
  38  3:42  Roach x3  
  38  3:44  Overlord x2  
  44  4:00  Hatchery  
  42  4:24  Ravager x2  
  42  4:25  Ravager x2  
  42  4:30  Drone x4  
  42  4:31  Drone x3  
  53  4:40  Lair, Metabolic Boost  
  52  5:15  Drone x4  
  52  5:16  Drone x7  
  52  5:17  Drone x2  
  65  5:27  Drone  
  63  5:32  Extractor  
  63  5:33  Extractor, Spore Crawler  
  57  5:41  Ravager  
  47  5:52  Roach x3  
  47  5:53  Roach x4  
  61  6:03  Zerg Missile Weapons Level 1  
  61  6:14  Drone x3  
  61  6:15  Drone x2  
  61  6:16  Overlord  
  61  6:17  Overlord  
  66  6:24  Spore Crawler  
  65  6:27  Glial Reconstitution, Spore Crawler  
  65  6:32  Drone x2  
  66  6:33  Evolution Chamber, Overlord  
  66  6:34  Overlord  
  66  6:37  Roach x5  
  66  6:38  Ravager x2  
  66  6:39  Ravager x3  
  80  6:56  Overlord x2  
  80  6:58  Roach x5  
  80  6:59  Roach  
  92  7:12  Drone x3  
  92  7:13  Drone x2  
  92  7:15  Queen  
  99  7:21  Zergling x10  
  99  7:22  Zergling x2  
  105  7:27  Overlord  
  105  7:28  Overlord  
  105  7:30  Drone  
  105  7:31  Overlord  
  105  7:35  Extractor  
  105  7:36  Extractor  
  104  7:39  Spire  
  103  7:49  Overseer  
  103  7:59  Pneumatized Carapace  
  103  8:01  Drone  
  103  8:02  Drone x7  
  103  8:03  Drone x5  
  116  8:18  Hatchery  
  116  8:19  Infestation Pit, Zerg Ground Armor Level 1  
  114  8:20  Zerg Missile Weapons Level 2  
  80  8:53  Mutalisk x4  
  80  8:54  Mutalisk x2  
  79  9:06  Hydralisk Den  
  79  9:09  Mutalisk  
  78  9:12  Zergling x2  
  78  9:13  Zergling x20  
  91  9:21  Zerg Flyer Weapons Level 1  
  91  9:27  Drone  
  91  9:28  Drone x5  
  97  9:33  Queen  
  99  9:46  Hatchery, Overlord, Mutalisk x4  
  99  9:47  Mutalisk  
  108  9:54  Hydralisk  
  108  9:55  Hydralisk  
  108  9:58  Overlord x3  
  112  10:03  Overseer x2  
  112  10:11  Hydralisk x3  
  112  10:13  Hydralisk  
  115  10:30  Drone x3  
  115  10:31  Drone x2  
  115  10:34  Muscular Augments  
  115  10:35  Hydralisk x4  
  120  10:36  Hydralisk  
  130  10:47  Hive  
  130  10:55  Spore Crawler  
  129  11:08  Hydralisk x6  
  129  11:09  Hydralisk x2  
  145  11:39  Zergling x12  
  122  12:01  Zergling x10  
  111  12:02  Zergling x8  
Tags
 
Add a new tag
Caveats
  • Supply blocks, unpowered buildings, or Contaminate may cause inaccurate times.
  • Supply counts are checked every 10 seconds.